AoeStats
← BombaKladSon

Arena

508043171Analyzed
4v4 RM · 10d ago on Sep 20, 2026· 41m 41s· 8 players
Game mode
Random Map
Map size
Large (8 player)
Population
200
Speed
Normal
Resources
Standard
Victory
Conquest
Starting age
Dark Age
Ending age
Imperial Age
RankedLock teamsTeams togetherTeam positionsShared explorationLock speedFull tech treeHidden civsTurbo modeCheats
Victory
Defeat
🇨🇭 Franks · Switzerland
1025
+16
🇬🇧 Khmer · United Kingdom
1023
+16
🇩🇪 Jurchens · Germany
1016
+17
🇳🇱 Saracens · Netherlands
996
+17
🇧🇪 Huns · Belgium
1059
-17
🇨🇦 Aztecs · Canada
1033
-17
🇦🇷 Franks · Argentina
1019
-16
🇦🇷 Vietnamese · Argentina
1009
-16
HarryBo
10:12 Feudal Age
12:05 Loom
14:58 Castle Age
13:28 Double-Bit Axe
16:17 Wheelbarrow
16:51 Bow Saw
20:34 Gold Mining
21:47 Fervor
22:33 Hand Cart
22:41 Stone Mining
25:35 Gold Shaft Mining
29:16 Imperial Age
27:39 Scale Barding Armor
28:42 Chain Barding Armor
28:36 Husbandry
28:58 Forging
29:21 Cavalier
32:11 Plate Barding Armor
32:06 Chivalry
34:04 Chemistry
33:42 Iron Casting
33:53 Paladin
35:59 Blast Furnace
35:04 Scale Mail Armor
34:28 Pikeman
37:02 Light Cavalry
IdleBonobo
12:12 Feudal Age
16:00 Castle Age
14:53 Double-Bit Axe
20:14 Bow Saw
19:49 Horse Collar
20:11 Loom
21:03 Wheelbarrow
20:20 Town Watch
20:53 Heavy Plow
23:58 Hand Cart
23:43 Town Patrol
23:45 Gold Mining
23:49 Stone Mining
25:10 Gold Shaft Mining
25:54 Stone Shaft Mining
27:12 Forging
27:08 Scale Barding Armor
30:30 Imperial Age
28:48 Iron Casting
30:01 Chain Barding Armor
30:01 Masonry
30:43 Bloodlines
30:36 Husbandry
30:38 Elite Battle Elephant
32:44 Blast Furnace
32:54 Conscription
36:01 Architecture
35:37 Siege Engineers
36:00 Devotion
37:15 Plate Barding Armor
BombaKladSon
11:26 Feudal Age
15:30 Castle Age
13:34 Double-Bit Axe
14:15 Horse Collar
14:58 Stone Mining
16:41 Bow Saw
17:22 Heavy Plow
20:50 Loom
25:01 Wheelbarrow
26:29 Hand Cart
26:29 Gold Mining
32:23 Imperial Age
30:39 Fletching
31:00 Forging
30:55 Scale Barding Armor
30:51 Padded Archer Armor
31:49 Gold Shaft Mining
31:51 Ballistics
31:33 Town Watch
31:58 Scale Barding Armor
31:53 Padded Archer Armor
31:49 Bodkin Arrow
31:55 Scale Mail Armor
32:15 Bloodlines
32:06 Husbandry
31:26 Light Cavalry
32:30 Thumb Ring
33:15 Bracer
33:33 Leather Archer Armor
33:57 Crossbowman
35:20 Iron Casting
35:39 Arbalester
37:05 Capped Ram
38:47 Ring Archer Armor
39:41 Chain Barding Armor
40:31 Chemistry
mcfly
10:30 Feudal Age
14:13 Castle Age
13:03 Double-Bit Axe
18:02 Squires
18:07 Scale Mail Armor
24:28 Loom
24:33 Horse Collar
28:26 Town Watch
29:14 Fortified Wall
30:22 Ballistics
31:42 Siege Engineers
32:38 Heavy Plow
33:25 Fortified Bastions
DerSchweizer
11:36 Feudal Age
15:23 Castle Age
13:26 Double-Bit Axe
15:26 Horse Collar
16:46 Bow Saw
23:12 Heavy Plow
26:01 Wheelbarrow
25:21 Man-at-Arms
26:26 Scale Mail Armor
26:54 Forging
26:46 Long Swordsman
29:06 Gambesons
29:21 Squires
29:07 Arson
31:10 Chain Mail Armor
31:31 Iron Casting
33:30 Imperial Age
31:20 Hand Cart
31:47 Fletching
33:25 Pikeman
34:39 Conscription
33:54 Two-Handed Swordsman
35:08 Plate Mail Armor
35:39 Blast Furnace
36:24 Garland Wars
37:04 Illumination
36:50 Fervor
Hanzani
11:37 Feudal Age
16:36 Castle Age
15:01 Double-Bit Axe
15:41 Horse Collar
15:56 Gold Mining
17:54 Fletching
19:17 Padded Archer Armor
19:17 Bodkin Arrow
23:26 Wheelbarrow
23:28 Ballistics
23:27 Padded Archer Armor
25:39 Loom
26:30 Bow Saw
27:31 Hand Cart
33:48 Imperial Age
32:14 Stone Mining
33:02 Gold Shaft Mining
32:40 Bloodlines
34:47 Bracer
35:55 Chemistry
34:53 Murder Holes
37:51 Heavy Cavalry Archer
jhonzx_11
12:12 Feudal Age
16:47 Castle Age
16:20 Double-Bit Axe
16:28 Stone Mining
34:52 Pikeman
35:33 Squires
35:50 Bow Saw
36:18 Wheelbarrow
37:46 Hand Cart
Mr.Ce
10:55 Feudal Age
12:30 Horse Collar
12:38 Double-Bit Axe
18:24 Castle Age
19:30 Wheelbarrow
20:29 Loom
21:05 Hand Cart
21:33 Town Watch
24:52 Heavy Plow
25:05 Bow Saw
27:03 Town Patrol
28:24 Crossbowman
29:10 Thumb Ring
30:17 Forging
30:08 Scale Mail Armor
29:58 Fletching
30:09 Padded Archer Armor
33:07 Imperial Age
31:31 Elite Skirmisher
32:10 Bodkin Arrow
32:50 Iron Casting
32:32 Chain Mail Armor
32:25 Squires
32:10 Arson
33:13 Gold Mining
33:14 Stone Mining
33:42 Arbalester
33:44 Imperial Skirmisher
34:44 Leather Archer Armor
34:30 Bracer
35:37 Chemistry
34:58 Ballistics
36:03 Siege Engineers
35:53 Pikeman
Connection lost

Rejoining the realm…

Still unreachable

The connection could not be restored.

Session expired

The server has moved on; the page needs a fresh start.